 Dungeon Crawl Stone Soup version 0.31-a0-1002-g8e65716e6e (webtiles) character file.

Game seed: 14253855054790981338

203 BinkBink the Trooper (level 5, 0/34 HPs)
             Began as a Gargoyle Berserker on Nov 10, 2023.
             Was a Believer of Trog.
             Slain by a worm (5 damage)
             ... on level 4 of the Dungeon.
             The game lasted 00:02:44 (2227 turns).

BinkBink the Trooper (Gargoyle Berserker)           Turns: 2227, Time: 00:02:45

Health: 0/34       AC: 13    Str: 22    XL:     5   Next: 81%
Magic:  5/5        EV:  6    Int:  8    God:    Trog [**....]
Gold:   103        SH:  0    Dex:  9    Spells: 4/4 levels left

rFire   . . .        a - +0 mace
rCold   . . .        (no shield)
rNeg    + . .        k - +0 chain mail
rPois   ∞            (no helmet)
rElec   +            (no cloak)
rCorr   .            (no gloves)
SInv    .            (no boots)
Will    .....        (no amulet) Stlth
                     (no ring)
HPRegen 0.25/turn    (no ring)
MPRegen 0.09/turn

%: no passive effects
@: confused, constricted
A: sickness immunity, AC +4, negative energy resistance 1, electricity
resistance, torment resistance 1, petrification resistance
a: Renounce Religion, Berserk, Trog's Hand


You were on level 4 of the Dungeon.
You worshipped Trog.
Trog was pleased with you.
You visited 1 branch of the dungeon, and saw 4 of its levels.

You collected 166 gold pieces.
You spent 63 gold pieces at shops.

Inventory:

Hand Weapons
 a - a +0 mace (weapon)
Armour
 k - a +0 chain mail (worn)
Scrolls
 b - a scroll of fog {unknown}
 c - 2 scrolls of teleportation {unknown}
 d - a scroll of revelation {unknown}
 e - 2 scrolls of enchant armour {unknown}
 f - 2 scrolls of poison {unknown}
 h - 2 scrolls of vulnerability {unknown}
 i - 2 scrolls of immolation {unknown}
 l - 6 scrolls of identify {unknown}
 m - 2 scrolls of blinking {unknown}
 n - a scroll of noise {unknown}
 o - a scroll of enchant weapon {unknown}
 q - a scroll of brand weapon {unknown}
Potions
 g - 3 potions of might {unknown}
 j - a potion of degeneration {unknown}
 p - a potion of heal wounds {unknown}


   Skills:
 + Level 4.4 Fighting
 + Level 4.0 Maces & Flails
 + Level 3.7 Armour
 + Level 2.6 Dodging


You had 4 spell levels left.
You didn't know any spells.
Your spell library was empty.

Dungeon Overview and Level Annotations

Branches:
Dungeon (4/15)
 Temple: D:4-7

Altars:
Wu Jian

Shops:
D:2 *


Innate Abilities, Weirdness & Mutations

You are immune to sickness and miasma.
Your stone body is resilient. (AC +4)
You are immune to poison.
You resist negative energy. (rN+)
You are resistant to electric shocks. (rElec)
You are resistant to unholy torment.
You are immune to petrification.


Message History

The ball python constricts you.
You closely miss something. The orc barely misses you.
The orc completely misses you. Something hits you.
The orc hits you with a +0 falchion.
The ball python bites you but does no damage.
The ball python constricts you. The orc hits you with a +0 hand axe.
You miss something.
A nearby plant withers and dies.
The ball python bites you but does no damage.
The ball python constricts you. The orc hits you but does no damage.
You hear some strange, mumbled words.
You are confused.
The orc hits you but does no damage. The worm bites you but does no damage.
An orc comes into view. It is wielding a +0 whip.
The orc hits you but does no damage. The ball python barely misses you.
The ball python constricts you. The orc hits you but does no damage.
The orc closely misses you.
You hear some strange, mumbled words.
You are more confused.
You escape the ball python's grasp.
The worm attacks as it pursues you! The worm bites you but does no damage.
The orc hits you but does no damage. Something hits you but does no damage.
You barely miss the orc.
The ball python bites you but does no damage.
The ball python closely misses you.
An orc comes into view. It is wielding a +0 hand axe.
The ball python bites you. The ball python closely misses you.
The orc hits you but does no damage. Something hits you but does no damage.
The howler monkey hits you.
* * * LOW HITPOINT WARNING * * *
The orc splashes around in the water.
The ball python bites you.
* * * LOW HITPOINT WARNING * * *
The ball python grabs you. The ball python constricts you.
The howler monkey hits you but does no damage.
You are too confused!
You miss the ball python.
The ball python bites you but does no damage.
The ball python constricts you.
The howler monkey hits you but does no damage.
The worm bites you.
You die...

........#..
#...~~.....
..o~~.....
##♣♣.o~♣~....
#P~.~o~~♣~...
#♣♣♣~~~..)~~♣♣
♣P~~~~....~~~♣
♣PP~P~.owSo~~♣
♣~~~P~{o@h~~♣♣
♣P~~~~♣...~~~♣
♣~~~~P~~..~P~♣
♣~~≈≈~~~...~P♣
#♣P~~~P...P~~♣
#~~≈~~...~~~#
#♣~~~~~...♣##
♣~~~PP..(##
♣~~P~~....####


You could see a worm, a howler monkey, 6 orcs and a ball python.

Vanquished Creatures
  A hound (D:3)
  An orc priest (D:3)
  7 adders
  2 dart slugs
  A worm (D:2)
  10 orcs
  7 bats
  3 endoplasms
  5 giant cockroaches
  6 goblins
  7 hobgoblins
  2 quokkas
  6 ball pythons
  A frilled lizard (D:1)
  3 kobolds
  3 rats
65 creatures vanquished.

Notes
Turn   | Place    | Note
-------+----------+-------------------------------------------
     0 | D:1      | BinkBink the Gargoyle Berserker began the quest for the
                  | Orb.
     0 | D:1      | Reached XP level 1. HP: 14/14 MP: 1/1
   118 | D:1      | Reached XP level 2. HP: 13/19 MP: 2/2
   684 | D:2      | Reached XP level 3. HP: 24/24 MP: 3/3
   721 | D:2      | Found Zivvitot's Assorted Antiques.
   729 | D:2      | Bought a scroll labelled TYOKOOLEXO for 21 gold pieces
   729 | D:2      | Bought a scroll labelled TYOKOOLEXO for 21 gold pieces
   729 | D:2      | Bought a scroll labelled TYOKOOLEXO for 21 gold pieces
   958 | D:2      | Reached ** piety under Trog
  1034 | D:2      | You fall into a shaft and drop 1 floor!
  1040 | D:3      | Reached XP level 4. HP: 29/29 MP: 4/4
  1229 | D:3      | Reached XP level 5. HP: 33/33 MP: 5/5
  1321 | D:3      | Found an ornate altar of the Wu Jian Council.
  2227 | D:4      | Slain by a worm

Illustrated notes

Levels and vault maps discovered:
D:1:      noname_arrival_rooms_in_the_neighbourhood, layout_basic
D:2:      layout_loops_ring, serial_shops, shop
D:3:      minmay_skewed_foursquare, layout_basic,
          nicolae_wu_jian_immortal_techniques, kennysheep_cluttered_room
D:4:      layout_basic, minmay_temple_entry_mini_moons, serial_bayou,
          serial_bayou_ford_a, serial_bayou_shore_b, serial_bayou_lake_a,
          serial_bayou_pond_d, serial_bayou_shore_b, kennysheep_path_1,
          minivault_5, nicolae_shop_fire_sale [nicolae_sub_dead_trees],
          kennysheep_potato, uniq_robin

Skill      XL: |  1  2  3  4  5 |
---------------+----------------+-----
Dodging        | 2 |  2.6
Armour         | 3 |  3.7
Fighting       | 4 |  4.4
Maces & Flails | 4 |  4.0

Action                     |  1- 3 |  4- 6 || total
---------------------------+-------+-------++-------
  Melee: Mace              |    87 |   158 ||   245
         Punch             |     1 |     3 ||     4
   Stab: Sleeping          |     1 |       ||     1
 Armour: Animal skin       |    18 |       ||    18
         Chain mail        |    54 |   195 ||   249
  Dodge: Dodged            |    48 |   117 ||   165

Table legend: (Time is in decaauts)
 A = Elapsed time spent in this place.
 B = Non-inter-level travel time spent in this place.
 C = Inter-level travel time spent in this place.
 D = Time resting spent in this place.
 E = Time spent auto-exploring this place.
 F = Levels seen in this place.
 G = Mean time per level.
                   A        B        C        D        E       F      G
               +--------+--------+--------+--------+--------+-----+--------+
         Total |   2287 |   2221 |     66 |      0 |   1709 |   4 |  571.8 |
       Dungeon |   2287 |   2221 |     66 |      0 |   1709 |   4 |  571.8 |
               +--------+--------+--------+--------+--------+-----+--------+

Top non-repeatable levels by time:
     D:3: 1141 daAuts
     D:1: 617 daAuts
     D:2: 436 daAuts
     D:4: 91 daAuts
